 Dungeon Crawl Stone Soup version 0.19-a0-160-gd53b84c (webtiles) character file.

603 DarthKuruptios the Ruffian (level 7, -4/60 HPs)
             Began as a Minotaur Monk on May 20, 2016.
             Was a Believer of the Shining One.
             Engulfed by a cloud of freezing vapour (20 damage)
             ... on level 5 of the Dungeon.
             The game lasted 00:21:52 (3495 turns).

DarthKuruptios the Ruffian (Minotaur Monk)          Turns: 3495, Time: 00:21:52

Health: -4/60      AC: 11    Str: 16    XL:     7   Next: 18%
Magic:  6/6        EV: 12    Int:  7    God:    the Shining One [**....]
Gold:   110        SH:  0    Dex: 14    Spells: 0 memorised, 6 levels left

rFire  . . .     SeeInvis .       - Unarmed
rCold  . . .     Gourm    .     s - +1 chain mail
rNeg   + . .     Faith    .     (no shield)
rPois  .         Spirit   .     (helmet restricted)
rElec  .         Dismiss  .     (no cloak)
rCorr  +         Reflect  .     (no gloves)
SustAt .         Harm     .     v - +0 pair of boots
MR     .....                    (no amulet)
Stlth  ..........               j - ring of resist corrosion
                                e - +4 ring of evasion

@: glowing, not resistant to hostile enchantments, extremely unstealthy
A: retaliatory headbutt, horns 2
a: Divine Shield, Renounce Religion


You were on level 5 of the Dungeon.
You worshipped the Shining One.
The Shining One was pleased with you.
You were not hungry.

You visited 2 branches of the dungeon, and saw 6 of its levels.

You collected 110 gold pieces.

Inventory:

Missiles
 d - 146 stones (quivered)
Armour
 a - a +0 robe
 c - a +0 leather armour
 o - a +1 leather armour of cold resistance
 s - a +1 chain mail (worn)
 v - a +0 pair of boots (worn)
Jewellery
 e - a +4 ring of evasion (left hand)
 j - a ring of resist corrosion (right hand)
Wands
 l - a wand of iceblast (6/15)
 u - a wand of flame (32/48)
Scrolls
 k - a scroll of enchant armour
 n - a scroll of recharging {unknown}
 r - 4 scrolls of identify
 t - 2 scrolls of teleportation
 x - a scroll of amnesia {unknown}
 y - a scroll of blinking {unknown}
Potions
 g - a potion of flight {unknown}
 i - 5 potions of curing {unknown}
 p - a potion of ambrosia {unknown}
 w - a potion of haste {unknown}
 z - a potion of cure mutation {unknown}
 A - a potion of brilliance {unknown}
 B - a potion of cancellation {unknown}
Comestibles
 b - 4 bread rations
 f - 12 fruits
 h - a meat ration
 m - a chunk of flesh
 q - a slice of pizza


   Skills:
 + Level 4.8 Fighting
 * Level 4.6 Throwing
 + Level 3.1 Armour
 + Level 4.3 Dodging
 + Level 1.8 Stealth
 + Level 5.8 Unarmed Combat
 + Level 0.2 Invocations


You had 6 spell levels left.
You didn't know any spells.

Dungeon Overview and Level Annotations

Branches:
Dungeon (5/15)             Temple (1/1) D:4

Altars:
Elyvilon
Kikubaaqudgha
Makhleb
Nemelex Xobeh
Qazlal
Vehumet
Xom
Yredelemnul
Zin
The Shining One

Annotations:
D:4 DarthKuruptios's ghost, novice TrMo; Dowan; Duvessa; Eustachio; Grinder


Innate Abilities, Weirdness & Mutations

You reflexively headbutt those who attack you in melee.
You have a pair of horns on your head.


Message History

You have reached level 7!
Found a meat ration.
d - 145 stones (gained 1)
d - 146 stones (gained 1) As you open the door, it creaks loudly!
Really walk into a travel-excluded area?
There is an open door here.
You start resting.
Some of the chunks of flesh in your inventory have rotted away.
HP restored.
Really walk into a travel-excluded area? [Y]es or [N]o only, please.
Really walk into a travel-excluded area?
Found 29 bolts.
You are engulfed in freezing vapours.
You are engulfed in freezing vapours.
You are engulfed in freezing vapours.
* * * LOW HITPOINT WARNING * * *
You are engulfed in freezing vapours.
You die...

##§#§#.#....#........
##§#§#.#.............
#####§#§#.#######.......
....#§#§#.###...........
....#§#§#.....#......>..
....#§#§#.....#........#
....#§#§#.....##..#....#
.(..#§#§#.).......#..#.#
##..#§#@#.######.....#.#
#..#§#§#.......#.#..<..
#..#§#§#.#####.#)......
#..#§#§#...............
#..#§#§#..###........#.
#########..#§#§#..#..........#.
#.......#.$#§§§#..#.###..##..#.
#.#####.########..#.#........#.
###.# #.....<.###.#.#.#<.....#.


There were no monsters in sight!

Vanquished Creatures
  A sky beast (D:5)
  A giant frog (D:5)
  A scorpion (D:5)
  A crimson imp (D:5)
  A giant frog skeleton (D:4)
  An iguana (D:4)
  Natasha (thrice) (D:3)
  4 worker ants (D:5)
  6 adders
  An ooze (D:1)
  2 worms
  2 dart slugs
  4 giant geckos
  2 orcs
  3 giant cockroaches
  5 goblins
  8 hobgoblins
  4 jackals (D:2)
  7 kobolds
  A quokka (D:3)
  10 bats
  5 giant newts
  6 rats
79 creatures vanquished.

Notes
Turn   | Place    | Note
--------------------------------------------------------------
     0 | D:1      | DarthKuruptios the Minotaur Monk began the quest for the Orb.
     0 | D:1      | Reached XP level 1. HP: 19/19 MP: 0/0
   272 | D:1      | Reached XP level 2. HP: 27/27 MP: 1/1
   758 | D:2      | Reached skill level 1 in Throwing
   794 | D:2      | Reached XP level 3. HP: 33/33 MP: 2/2
  1053 | D:2      | Reached XP level 4. HP: 40/40 MP: 3/3
  1054 | D:2      | Found a glowing silver altar of Zin.
  1306 | D:2      | Found a basalt altar of Yredelemnul.
  1419 | D:2      | Reached skill level 1 in Armour
  1605 | D:3      | Noticed Natasha
  1622 | D:3      | Killed Natasha
  1680 | D:3      | Noticed Natasha
  1690 | D:3      | Killed Natasha
  1690 | D:3      | Reached XP level 5. HP: 27/46 MP: 4/4
  1707 | D:3      | Noticed Natasha
  1715 | D:3      | Killed Natasha
  2422 | D:4      | Found a staircase to the Ecumenical Temple.
  2433 | D:4      | Reached skill level 5 in Unarmed Combat
  2445 | Temple   | Entered the Ecumenical Temple
  2596 | Temple   | Became a worshipper of the Shining One
  2596 | Temple   | Reached * piety under the Shining One
  2596 | Temple   | Reached ** piety under the Shining One
  2619 | D:4      | Noticed Grinder
  2620 | D:4      | Noticed Dowan
  2621 | D:4      | Noticed Duvessa
  2622 | D:4      | Paralysed by Grinder for 3 turns
  2629 | D:4      | Noticed DarthKuruptios's ghost (novice TrMo)
  2634 | D:4      | Noticed Eustachio
  2644 | D:5      | Entered Level 5 of the Dungeon
  2656 | D:5      | Reached XP level 6. HP: 24/52 MP: 2/5
  2987 | D:5      | Found a shimmering altar of Xom.
  3033 | D:5      | Found a stormy altar of Qazlal.
  3377 | D:5      | Noticed a sky beast
  3388 | D:5      | Killed a sky beast
  3388 | D:5      | Reached XP level 7. HP: 41/60 MP: 6/6
  3495 | D:5      | Engulfed by a cloud of freezing vapour

Vault maps used:
D:1:      scummos_arrival_forest
D:2:      yredelemnul_altar_generic, old_standard_altar, st_stairs_13
D:3:      uniq_natasha
D:4:      gammafunk_temple_overflow_wave, minmay_temple_entry_overgrown,
          minmay_crossroads, uniq_robin, uniq_duvessa, uniq_grinder,
          uniq_eustachio
D:5:      lemuel_ice_spiral_2, kennysheep_mini_moat, old_standard_altar,
          first_bread
Temple:   hc_temple_tempest_star_small

Skill      XL: |  1  2  3  4  5  6 |
---------------+-------------------+-----
Throwing       | 1 2 3 4 |  4.6
Armour         | 1 2 3 |  3.1
Fighting       | 4 |  4.8
Unarmed Combat | 5 |  5.8
Dodging        | 4 |  4.3
Stealth        | |  1.8
Invocations    | |  0.2

Action                   |  1- 3 |  4- 6 |  7- 9 || total
-------------------------+-------+-------+-------++-------
Melee: Unarmed           |    82 |   144 |       ||   226
       Headbutt          |    10 |    16 |       ||    26
       Punch             |     1 |     2 |       ||     3
Throw: Stone             |    91 |   128 |       ||   219
Invok: Divine Shield     |       |     1 |       ||     1
  Use: Scroll            |       |     6 |       ||     6
       Potion            |       |     2 |       ||     2
  Eat: Chunk             |       |     8 |       ||     8
Armor: Leather armour    |    22 |     1 |       ||    23
       Chain mail        |       |    63 |       ||    63
Dodge: Dodged            |    72 |    91 |       ||   163
Block: Other             |       |     7 |       ||     7
